TOP OF THE 1ST |
Oakland Oaks batting - Pitching for Panama City Piranhas : RHP Luis Torrez
|
Pitching: RHP Luis Torrez
|
|
Batting: RHB Colin O'Connell
|
0-0: Called Strike 0-1: Called Strike 0-2: Foul Ball, location: 2F 0-2: Strikes out swinging
|
Batting: SHB Luis Luquín
|
0-0: Ball 1-0: Called Strike 1-1: Ball 2-1: Ground out 4-3 (Groundball, 34D)
|
Batting: RHB Armando Rodríguez
|
0-0: Ball 1-0: Called Strike 1-1: SINGLE (Groundball, 4MD)
|
Batting: RHB Alfonso Nazario
|
0-0: Ball Pickoff Throw to First - Error! E1 Armando Rodríguez to second 1-0: Ground out 3-1 (Groundball, 34)
|
Top of the 1st over - 0 runs, 1 hit, 1 error, 1 left on base; Oakland 0 - Panama City 0 |
BOTTOM OF THE 1ST |
Panama City Piranhas batting - Pitching for Oakland Oaks : LHP Kevin Nogilny
|
Pitching: LHP Kevin Nogilny
|
|
Batting: RHB Petri Kallio
|
0-0: Ground out 5-3 (Groundball, 25)
|
Batting: RHB Tak-hing Huang
|
0-0: Ball 1-0: Called Strike 1-1: Foul Ball, location: 2F 1-2: Strikes out swinging
|
Batting: RHB Mike Strickland
|
0-0: Ball 1-0: Called Strike 1-1: Foul Ball, location: 2F 1-2: Strikes out swinging
|
Bottom of the 1st over - 0 runs, 0 hits, 0 errors, 0 left on base; Oakland 0 - Panama City 0 |
TOP OF THE 2ND |
Oakland Oaks batting - Pitching for Panama City Piranhas : RHP Luis Torrez
|
Batting: RHB Esteban Vázquez
|
0-0: Foul Ball, location: 2F 0-1: Called Strike 0-2: Foul Ball, location: 2F 0-2: Strikes out swinging
|
Batting: RHB Raúl Chávez
|
0-0: Called Strike 0-1: Ball 1-1: Ball 2-1: Foul Ball, location: 2F 2-2: SINGLE (Line Drive, 34D)
|
Batting: RHB Cristián Coronado
|
0-0: Called Strike 0-1: Ball 1-1: SINGLE (Line Drive, 3) Raúl Chávez to second Runner from 2nd tries for 3rd, SAFE, no throw
|
Batting: RHB Yehonatan Chazan
|
0-0: Ball Cristián Coronado is caught stealing 2nd base 1-0: Foul Ball, location: 2F 1-1: Ball 2-1: Swinging Strike 2-2: Ball 3-2: Foul Ball, location: 2F 3-2: Strikes out looking
|
Top of the 2nd over - 0 runs, 2 hits, 0 errors, 1 left on base; Oakland 0 - Panama City 0 |
BOTTOM OF THE 2ND |
Panama City Piranhas batting - Pitching for Oakland Oaks : LHP Kevin Nogilny
|
Batting: RHB Sergio Ortíz
|
0-0: Called Strike 0-1: Ball 1-1: Called Strike 1-2: Foul Ball, location: 2F 1-2: Foul Ball, location: 2F 1-2: Foul Ball, location: 2F 1-2: Foul Ball, location: 2F 1-2: Ball 2-2: Ball 3-2: Strikes out swinging
|
Batting: SHB Tom Dickinson
|
0-0: Called Strike 0-1: Foul Ball, location: 2F 0-2: Foul Ball, location: 2F 0-2: Foul Ball, location: 2F 0-2: Fly out, F9 (Flyball, 9S)
|
Batting: RHB Micah Coffey
|
0-0: Ball 1-0: Foul Ball, location: 2F 1-1: SINGLE (Groundball, 56D)
|
Batting: RHB Sadakuno Taketo
|
0-0: Called Strike 0-1: Foul Ball, location: 2F 0-2: Ball 1-2: Fielders Choice at 2nd, 5-4 (Groundball, 5L)
|
Bottom of the 2nd over - 0 runs, 1 hit, 0 errors, 1 left on base; Oakland 0 - Panama City 0 |
TOP OF THE 3RD |
Oakland Oaks batting - Pitching for Panama City Piranhas : RHP Luis Torrez
|
Batting: RHB Randy Contreras
|
0-0: Ball 1-0: SINGLE (Line Drive, 56)
|
Batting: RHB Colin O'Connell
|
0-0: Ball 1-0: SINGLE (Groundball, 6MD) Randy Contreras to second Runner from 2nd tries for 3rd, SAFE, no throw
|
Batting: SHB Luis Luquín
|
0-0: Ball 1-0: Called Strike 1-1: Swinging Strike 1-2: Ball 2-2: Foul Ball, location: 2F 2-2: Strikes out swinging
|
Batting: RHB Armando Rodríguez
|
0-0: Called Strike 0-1: SINGLE (Groundball, 4MD) Randy Contreras scores Colin O'Connell to second Runner from 2nd tries for 3rd, SAFE, no throw
|
Batting: RHB Alfonso Nazario
|
0-0: Called Strike 0-1: Foul Ball, location: 2F 0-2: Ball 1-2: Fly out, F7 (Flyball, 7D) Runner from 3rd tags up, OUT at HOME
|
Top of the 3rd over - 1 run, 3 hits, 0 errors, 1 left on base; Oakland 1 - Panama City 0 |
BOTTOM OF THE 3RD |
Panama City Piranhas batting - Pitching for Oakland Oaks : LHP Kevin Nogilny
|
Batting: RHB JoJo Victory
|
0-0: Foul Ball, location: 2F 0-1: Ball 1-1: Swinging Strike 1-2: Ball 2-2: TRIPLE (Line Drive, 8RXD)
|
Batting: LHB Murray Sperber
|
0-0: Ground out 4-3 (Groundball, 4) JoJo Victory scores
|
Batting: RHB Petri Kallio
|
0-0: Foul Ball, location: 2F 0-1: Foul Ball, location: 2F 0-2: Ball 1-2: SINGLE (Line Drive, 7LS)
|
Batting: RHB Tak-hing Huang
|
0-0: Ball 1-0: Ball 2-0: Ball 3-0: Swinging Strike 3-1: Called Strike 3-2: Strikes out swinging
|
Batting: RHB Mike Strickland
|
0-0: Called Strike 0-1: Ball 1-1: Swinging Strike 1-2: Ground out 1-3 (Groundball, P)
|
Bottom of the 3rd over - 1 run, 2 hits, 0 errors, 1 left on base; Oakland 1 - Panama City 1 |
TOP OF THE 4TH |
Oakland Oaks batting - Pitching for Panama City Piranhas : RHP Luis Torrez
|
Batting: RHB Esteban Vázquez
|
0-0: Foul Ball, location: 2F 0-1: Foul Ball, location: 2F 0-2: Foul Ball, location: 2F 0-2: Foul Ball, location: 2F 0-2: Foul Ball, location: 2F 0-2: Ball 1-2: Foul Ball, location: 2F 1-2: Ball 2-2: Ground out 4-3 (Groundball, 4)
|
Batting: RHB Raúl Chávez
|
0-0: Ground out 5-3 (Groundball, 5S)
|
Batting: RHB Cristián Coronado
|
0-0: Called Strike 0-1: Ground out 6-3 (Groundball, 56)
|
Top of the 4th over - 0 runs, 0 hits, 0 errors, 0 left on base; Oakland 1 - Panama City 1 |
BOTTOM OF THE 4TH |
Panama City Piranhas batting - Pitching for Oakland Oaks : LHP Kevin Nogilny
|
Batting: RHB Sergio Ortíz
|
0-0: Ball 1-0: Foul Ball, location: 2F 1-1: Called Strike 1-2: Ball 2-2: Fly out, F9 (Flyball, 9LS)
|
Batting: SHB Tom Dickinson
|
0-0: Swinging Strike 0-1: Ball 1-1: Ball 2-1: Foul Ball, location: 2F 2-2: Strikes out swinging
|
Batting: RHB Micah Coffey
|
0-0: Called Strike 0-1: Ball 1-1: Foul Ball, location: 2F 1-2: Ground out 3-1 (Groundball, 34S)
|
Bottom of the 4th over - 0 runs, 0 hits, 0 errors, 0 left on base; Oakland 1 - Panama City 1 |
TOP OF THE 5TH |
Oakland Oaks batting - Pitching for Panama City Piranhas : RHP Luis Torrez
|
Batting: RHB Yehonatan Chazan
|
0-0: Ball 1-0: Foul Ball, location: 2F 1-1: Foul Ball, location: 2F 1-2: Ground out 4-3 (Groundball, 6MS)
|
Batting: RHB Randy Contreras
|
0-0: Ball 1-0: Ground out 1-3 (Groundball, P)
|
Batting: RHB Colin O'Connell
|
0-0: Called Strike 0-1: Ball 1-1: Ball 2-1: Swinging Strike 2-2: Foul Ball, location: 2F 2-2: Strikes out looking
|
Top of the 5th over - 0 runs, 0 hits, 0 errors, 0 left on base; Oakland 1 - Panama City 1 |
BOTTOM OF THE 5TH |
Panama City Piranhas batting - Pitching for Oakland Oaks : LHP Kevin Nogilny
|
Batting: RHB Sadakuno Taketo
|
0-0: Called Strike 0-1: Ball 1-1: Ball 2-1: Fly out, F8 (Flyball, 8RM)
|
Batting: RHB JoJo Victory
|
0-0: Called Strike 0-1: Ball 1-1: Foul Ball, location: 2F 1-2: Ball 2-2: Ground out 5-3 (Groundball, 56S)
|
Batting: LHB Murray Sperber
|
0-0: Ball 1-0: Ball 2-0: Called Strike 2-1: Ball 3-1: Called Strike 3-2: Base on Balls
|
Batting: RHB Petri Kallio
|
0-0: Foul Ball, location: 2F 0-1: Ball 1-1: Ball 2-1: Ball 3-1: Foul Ball, location: 2F 3-2: Fly out, F8 (Flyball, 8LS)
|
Bottom of the 5th over - 0 runs, 0 hits, 0 errors, 1 left on base; Oakland 1 - Panama City 1 |
TOP OF THE 6TH |
Oakland Oaks batting - Pitching for Panama City Piranhas : RHP Luis Torrez
|
Batting: SHB Luis Luquín
|
0-0: Ground out 5-3 (Groundball, 56S)
|
Batting: RHB Armando Rodríguez
|
0-0: Ball 1-0: Called Strike 1-1: SINGLE (Groundball, 56D)
|
Batting: RHB Alfonso Nazario
|
0-0: Ball 1-0: Called Strike 1-1: Foul Ball, location: 2F 1-2: Ball 2-2: Ball 3-2: Foul Ball, location: 2F 3-2: Fly out, F5 (Popup, 5SF)
|
Batting: RHB Esteban Vázquez
|
0-0: Ball 1-0: Called Strike 1-1: Called Strike 1-2: Ball 2-2: SINGLE (Line Drive, 8RS) Armando Rodríguez to second
|
Batting: RHB Raúl Chávez
|
0-0: Ball 1-0: Ball 2-0: Ball 3-0: Called Strike 3-1: Fly out, F7 (Flyball, 7S)
|
Top of the 6th over - 0 runs, 2 hits, 0 errors, 2 left on base; Oakland 1 - Panama City 1 |
BOTTOM OF THE 6TH |
Panama City Piranhas batting - Pitching for Oakland Oaks : LHP Kevin Nogilny
|
Batting: RHB Tak-hing Huang
|
0-0: SINGLE (Line Drive, 4M)
|
Batting: RHB Mike Strickland
|
0-0: Fly out, F9 (Flyball, 9LM)
|
Batting: RHB Sergio Ortíz
|
0-0: Ball 1-0: Fly out, F5 (Popup, 25F)
|
Batting: SHB Tom Dickinson
|
0-0: Fly out, F9 (Line Drive, 9S)
|
Bottom of the 6th over - 0 runs, 1 hit, 0 errors, 1 left on base; Oakland 1 - Panama City 1 |
TOP OF THE 7TH |
Oakland Oaks batting - Pitching for Panama City Piranhas : RHP Luis Torrez
|
Pitching: RHP Freddie Balduis
|
|
Batting: RHB Cristián Coronado
|
0-0: Ball 1-0: Called Strike 1-1: Foul Ball, location: 2F 1-2: Strikes out swinging
|
Batting: RHB Yehonatan Chazan
|
0-0: Ball 1-0: Called Strike 1-1: Foul Ball, location: 2F 1-2: Strikes out swinging
|
Batting: RHB Randy Contreras
|
0-0: Called Strike 0-1: Ball 1-1: Ball 2-1: Fly out, F6 (Line Drive, 6)
|
Top of the 7th over - 0 runs, 0 hits, 0 errors, 0 left on base; Oakland 1 - Panama City 1 |
BOTTOM OF THE 7TH |
Panama City Piranhas batting - Pitching for Oakland Oaks : LHP Kevin Nogilny
|
Batting: RHB Micah Coffey
|
0-0: Fly out, F9 (Flyball, 9LSF)
|
Batting: RHB Sadakuno Taketo
|
0-0: Called Strike 0-1: Swinging Strike 0-2: Strikes out swinging
|
Batting: RHB JoJo Victory
|
0-0: Ground out 5-3 (Groundball, 56)
|
Bottom of the 7th over - 0 runs, 0 hits, 0 errors, 0 left on base; Oakland 1 - Panama City 1 |
TOP OF THE 8TH |
Oakland Oaks batting - Pitching for Panama City Piranhas : RHP Ricky O'Toole
|
Pitching: RHP Ricky O'Toole
|
|
Batting: RHB Colin O'Connell
|
0-0: Ground out 6-3 (Groundball, 6)
|
Pitching: LHP Joe Khokar
|
|
Batting: SHB Luis Luquín
|
0-0: Called Strike 0-1: Called Strike 0-2: Ground out 4-3 (Groundball, 4)
|
Batting: RHB Armando Rodríguez
|
0-0: Ball 1-0: Foul Ball, location: 2F 1-1: Ball 2-1: Ball 3-1: Called Strike 3-2: Strikes out swinging
|
Top of the 8th over - 0 runs, 0 hits, 0 errors, 0 left on base; Oakland 1 - Panama City 1 |
BOTTOM OF THE 8TH |
Panama City Piranhas batting - Pitching for Oakland Oaks : LHP Kevin Nogilny
|
Pitching: RHP Brian Walker
|
|
Batting: LHB Murray Sperber
|
0-0: Ball 1-0: Called Strike 1-1: Called Strike 1-2: Foul Ball, location: 2F 1-2: Fly out, F7 (Flyball, 7S)
|
Pinch Hitting: LHB John Hansen
|
0-0: Foul Ball, location: 2F 0-1: Ground out 4-3 (Groundball, 4D)
|
Batting: RHB Tak-hing Huang
|
0-0: Ball 1-0: Foul Ball, location: 2F 1-1: Foul Ball, location: 2F 1-2: DOUBLE (Line Drive, 7LM)
|
Batting: RHB Mike Strickland
|
0-0: Ball 1-0: Ball 2-0: Ball 3-0: Called Strike 3-1: Swinging Strike 3-2: Strikes out swinging
|
Bottom of the 8th over - 0 runs, 1 hit, 0 errors, 1 left on base; Oakland 1 - Panama City 1 |
TOP OF THE 9TH |
Oakland Oaks batting - Pitching for Panama City Piranhas : LHP Joe Khokar
|
Now at 2B: Quindarious Monday
|
|
Batting: RHB Alfonso Nazario
|
0-0: Ball 1-0: Ball 2-0: Called Strike 2-1: SINGLE (Line Drive, 6D)
|
Batting: RHB Esteban Vázquez
|
0-0: Ball 1-0: Foul Ball, location: 2F 1-1: Ball 2-1: Fly out, F8 (Line Drive, 8RS)
|
Batting: RHB Raúl Chávez
|
0-0: Ball 1-0: Called Strike Alfonso Nazario steals 2nd base 1-1: Ground out 1-3 (Groundball, P) Alfonso Nazario to third
|
Batting: RHB Cristián Coronado
|
0-0: Ball 1-0: Foul Ball, location: 2F 1-1: Ball 2-1: Ball 3-1: Foul Ball, location: 2F 3-2: Base on Balls
|
Batting: RHB Yehonatan Chazan
|
0-0: Called Strike 0-1: Ball 1-1: Ball 2-1: Called Strike 2-2: Ball 3-2: 3-RUN HOME RUN (Flyball, 8RXD), Distance : 429 ft
|
Pitching: RHP Marvin Sidebottom
|
|
Batting: RHB Randy Contreras
|
0-0: Called Strike 0-1: Swinging Strike 0-2: Ball 1-2: Strikes out looking
|
Top of the 9th over - 3 runs, 2 hits, 0 errors, 0 left on base; Oakland 4 - Panama City 1 |
BOTTOM OF THE 9TH |
Panama City Piranhas batting - Pitching for Oakland Oaks : RHP Brian Walker
|
Batting: RHB Sergio Ortíz
|
0-0: Called Strike 0-1: Foul Ball, location: 2F 0-2: Fly out, F3 (Popup, 3S)
|
Batting: SHB Tom Dickinson
|
0-0: Ball 1-0: Called Strike 1-1: Ball 2-1: Foul Ball, location: 2F 2-2: Fly out, F9 (Flyball, 9D)
|
Batting: RHB Micah Coffey
|
0-0: Swinging Strike 0-1: Ball 1-1: Fly out, F9 (Flyball, 9LSF)
|
Bottom of the 9th over - 0 runs, 0 hits, 0 errors, 0 left on base; Oakland 4 - Panama City 1 |
|